 Seeded DCSS version 0.30.0-10-gfe55d96785 (webtiles) character file.

Game seed: 10090500252402427320 (custom seed)

18 GigaChad the Shield-Bearer (level 2, -2/25 HPs)
             Began as a Formicid Fighter on May 15, 2023.
             Slain by Crazy Yiuf
             ... wielding a +3 quarterstaff of chaos
              (20 damage)
             ... on level 2 of the Dungeon.
             The game lasted 00:00:55 (863 turns).

GigaChad the Shield-Bearer (Formicid Fighter)        Turns: 863, Time: 00:00:58

Health: -2/25      AC:  6    Str: 20    XL:     2   Next: 90%
Magic:  2/2        EV:  9    Int:  7    God:
Gold:   102        SH:  5    Dex: 13    Spells: 1/1 levels left

rFire   . . .        a - +0 war axe
rCold   . . .        c - +0 buckler
rNeg    . . .        b - +0 scale mail
rPois   .            (helmet unavailable)
rElec   .            (no cloak)
rCorr   .            (no gloves)
SInv    +            (no boots)
Will    .....        (no amulet) Stlth
                     (no ring)
HPRegen 0.24/turn    (no ring)
MPRegen 0.08/turn

%: no passive effects
@: no status effects
A: permanent stasis, dig shafts and tunnels, antennae 3, four strong arms
a: Dig, Shaft Self


You were on level 2 of the Dungeon.
You visited 1 branch of the dungeon, and saw 2 of its levels.

You collected 102 gold pieces.

Inventory:

Hand Weapons
 a - a +0 war axe (weapon)
Armour
 b - a +0 scale mail (worn)
 c - a +0 buckler (worn)
Scrolls
 g - a scroll of fog {unknown}
 h - 3 scrolls of identify {unknown}
 i - 2 scrolls of acquirement {unknown}
 k - a scroll of teleportation {unknown}
Potions
 d - 2 potions of might
 e - a potion of flight {unknown}
 f - 2 potions of brilliance {unknown}
 j - a potion of haste {unknown}
 l - a potion of heal wounds {unknown}


   Skills:
 * Level 3.7 Fighting
 * Level 2.1 Axes
 * Level 3.6 Armour
 * Level 4.3 Shields


You had one spell level left.
You didn't know any spells.
Your spell library was empty.

Dungeon Overview and Level Annotations

Branches:
Dungeon (2/15)

Altars:
Nemelex Xobeh

Annotations:
D:2 Crazy Yiuf


Innate Abilities, Weirdness & Mutations

You cannot be hasted, slowed, berserked, paralysed or teleported.
You can dig through walls and to a lower floor.
You have a pair of large antennae on your head. (SInv)
Your four strong arms can wield two-handed weapons with a shield.


Message History

You block the ball python's attack. The ball python closely misses you. x2
The ball python bites you. The ball python barely misses you.
There are monsters nearby!
You hit the ball python.
You kill the ball python!
You closely miss the ball python. The ball python barely misses you.
You block the ball python's attack. The ball python misses you.
You block the ball python's attack.
You slash the ball python!
You kill the ball python!
You now have 91 gold pieces (gained 12).
You see here a ball python corpse.
You now have 102 gold pieces (gained 11).
Found a hammer.
Found a runed translucent door.
No target in view!
Crazy Yiuf shouts!
Crazy Yiuf twirls on the spot.
You sense a monster nearby.
No target in view!
No reachable target in view!
Could not explore, unopened runed door.
No reachable target in view!
Could not explore, unopened runed door.
As you open the door, it creaks loudly!
You hit Crazy Yiuf but do no damage. You block Crazy Yiuf's attack.
You hit Crazy Yiuf.
Crazy Yiuf is moderately wounded.
You block Crazy Yiuf's attack.
You hit Crazy Yiuf.
Crazy Yiuf is moderately wounded.
Crazy Yiuf hits you but does no damage.
Crazy Yiuf cries, "Seed turtle sow!"
Crazy Yiuf hits you but does no damage.
You hit Crazy Yiuf.
Crazy Yiuf is moderately wounded.
Crazy Yiuf grits, "Seed alas ladder!"
Crazy Yiuf hits you with a +3 quarterstaff of chaos!
You are electrocuted!!
Ouch! That really hurt!
You die...

#..........#
#.......#....
#...########
##......#####
#...#
#...####
#...# #####
#...# #...#
#..)# #...#
#...# #...#
#...# #..)#
... #...#
#...# #g#
##### #...#
♣♣@♣ ####'#
♣.♣♣ #....#
♣♣.♣ #....#
♣.♣♣ #....#
♣♣.♣♣ #.††<#
♣...♣♣ #...##
♣....♣ #....#
##..##
#....###....#


You could see Crazy Yiuf.

Vanquished Creatures
  2 ball pythons (D:2)
  2 giant cockroaches (D:2)
  3 goblins
  2 hobgoblins (D:1)
  2 quokkas (D:1)
  2 frilled lizards (D:1)
  2 kobolds
  A rat (D:1)
16 creatures vanquished.

Notes
Turn   | Place    | Note
-------+----------+-------------------------------------------
     0 | D:1      | GigaChad the Formicid Fighter began the quest for the Orb.
     0 | D:1      | Reached XP level 1. HP: 18/18 MP: 1/1
   305 | D:1      | Reached XP level 2. HP: 22/24 MP: 2/2
   378 | D:1      | You fall into a shaft and drop 1 floor!
   559 | D:2      | Found a sparkling altar of Nemelex Xobeh.
   855 | D:2      | Found a runed translucent door.
   856 | D:2      | Noticed Crazy Yiuf
   863 | D:2      | Slain by Crazy Yiuf

Illustrated notes

Levels and vault maps discovered:
D:1:      nzn_arrival_settlement, layout_loops_corners, serial_bayou_ford_a,
          nicolae_kite_square_tiling_tiny
D:2:      layout_basic, basic_altar, uniq_crazy_yiuf_cottage

Action                     || total
---------------------------++-------
  Melee: War axe           ||    37
 Armour: Scale mail        ||    15
  Dodge: Dodged            ||    17
  Block: Buckler           ||    11
